 Dungeon Crawl Stone Soup version 0.30-a0-1160-g6e42c06551 (webtiles) character file.

Game seed: 3450825349963387096

270 kae the Changer (level 5, -1/39 HPs)
             Began as a Demigod Transmuter on Apr 25, 2023.
             Slain by a howler monkey (4 damage)
             ... on level 5 of the Dungeon.
             The game lasted 00:04:01 (4129 turns).

kae the Changer (Demigod Transmuter)                Turns: 4129, Time: 00:04:02

Health: -1/39      AC:  3    Str: 11    XL:     5   Next: 69%
Magic:  5/12       EV: 12    Int: 19    God:
Gold:   123        SH:  0    Dex: 14    Spells: 0/10 levels left

rFire   . .          .
                       - Unarmed
rCold   . . .        (no shield)
rNeg    + . .        a - +1 robe
rPois   .            (no helmet)
rElec   .            (no cloak)
rCorr   .            (no gloves)
SInv    .            (no boots)
Will    .....        (no amulet)
Stlth   +            N - ring of positive energy
HPRegen 0.26/turn    (no ring)
MPRegen 0.13/turn

%: no passive effects
@: hasted, very quick
A: high MP 1, forlorn, divine attributes
a: no special abilities


You were on level 5 of the Dungeon.
You visited 1 branch of the dungeon, and saw 5 of its levels.

You collected 173 gold pieces.
You spent 50 gold pieces at shops.


Innate Abilities, Weirdness & Mutations

You have an increased reservoir of magic. (+10% MP)
You shall have no god before yourself.
Your divine heritage dramatically boosts your attributes as you level up.


   Skills:
 - Level 0.8 Fighting
 - Level 1.7 Dodging
 - Level 2.6 Unarmed Combat
 + Level 3.3 Spellcasting
 + Level 3.5 Transmutations
 * Level 1.2 Ice Magic
 - Level 2.5 Poison Magic


You couldn't memorise any spells.
You knew the following spells:

 Your Spells              Type           Power      Damage    Failure   Level
a - Beastly Appendage     Tmut           32%        N/A       3%          1
b - Wereblood             Tmut           16%        N/A       5%          2
c - Spider Form           Tmut/Pois      14%        N/A       13%         3
d - Ice Form              Ice/Tmut       12%        N/A       50%         4

Your spell library contained the following spells:

 Spells                   Type           Power      Damage    Failure   Level
 Apportation              Tloc           6%         N/A       16%         1
 Necrotise                Necr           12%        1d4       16%         1
 Summon Small Mammal      Summ           12%        N/A       16%         1
 Anguish                  Hex/Necr       1%         N/A       83%         4
 Cause Fear               Hex            1%         N/A       83%         4
 Enfeeble                 Hex            1%         N/A       100%        7

Inventory:

Missiles
 c - 45 stones
 h - 4 poisoned darts
Armour
 a - a +1 robe (worn)
 m - the +1 Delatra's gloves {ID++}
   (You found it on level 5 of the Dungeon)

   ID++:      It heals its wearer when they drink unknown potions, and restores
   their MP when they read unknown scrolls.
Jewellery
 n - a ring of willpower
   (You found it on level 5 of the Dungeon)
 N - a ring of positive energy (left hand)
   (You took it off a hobgoblin on level 4 of the Dungeon)
Wands
 e - a wand of mindburst (18)
   (You found it on level 4 of the Dungeon)
Scrolls
 f - a scroll of enchant armour
 i - 3 scrolls of teleportation {@r4}
 k - a scroll of torment {!r}
 l - a scroll of enchant weapon
Potions
 b - 4 potions of lignification {!q}
 d - a potion of berserk rage {!q}
 j - a potion of haste {@q3}

Dungeon Overview and Level Annotations

Branches:
Dungeon (5/15) Zot: 25860
 Temple: D:4-7

Shops:
D:1 = D:2

* #.#####..## #.#####
##........##.#.#...#
#......ยง.....ยงยง....#
##โ€ #############...#
##.####### ##.##
.......... #.#
#..######. #.# #..#
.#######.#### #.##
...>...@....# ..# ..
........h##.# #.#....
########.##W# .......
#.##$# ....... #.##.###
###....# #......# .####
#..###.# .# #..# ... .
....# ###


You could see a howler monkey.


Message History

You hit the phantom but do no damage.
The phantom closely misses you. ๐Ÿ˜• HP[+1]
You hit the phantom. The phantom barely misses you.
You hit the phantom. The phantom misses you.
You closely miss the phantom.
Your transformation is almost over.
You hit the phantom.
The phantom completely misses you. ๐Ÿ˜• MP[+1]
You barely miss the phantom. The phantom closely misses you.
You hit the phantom but do no damage. The phantom misses you. ๐Ÿ˜• HP[+1]
You barely miss the phantom. The phantom misses you.
You hit the phantom. The phantom barely misses you.
You hit the phantom. The phantom misses you. ๐Ÿ˜Ž HP[+1]
Your hp is fully restored (39).
You hit the phantom but do no damage. The phantom closely misses you.
You hit the phantom. The phantom hits you.
The phantom blinks!
You blink.
Found a stone staircase leading up.
Your magical contamination has completely faded away. ๐Ÿ˜• HP[-5] MP[+1]
You take 5 damage, and now have 34/39 hp.
You hit the phantom but do no damage.
Your transformation has ended.
Your +1 robe unmelds from your body.
The phantom hits you!
The phantom blinks!
You blink. ๐Ÿ˜ฎ HP[-7]
You take 7 damage, and now have 27/39 hp.
You hit the phantom.
The phantom closely misses you. ๐Ÿ˜ฎ HP[+1]
You hit the phantom but do no damage. The phantom hits you. ๐Ÿ˜ฎ HP[-6]
You take 6 damage, and now have 22/39 hp.
Unknown command.
You hit the phantom but do no damage. The phantom hits you.
* * * LOW HITPOINT WARNING * * *
๐Ÿ˜จ HP[-6]
You take 6 damage, and now have 16/39 hp.
You closely miss the phantom. The phantom hits you.
* * * LOW HITPOINT WARNING * * *
๐Ÿ˜จ HP[-1]
You take 1 damage, and now have 15/39 hp.
You barely miss the phantom.
The phantom hits you but does no damage. ๐Ÿ˜จ HP[+1]
Casting: Spider Form (quite dangerous; 13% risk of failure)
Confirm with . or Enter, or press ? or * to list all spells.
You grow a pair of large bovine horns.
Your feet morph into talons.
The phantom hits you but does no damage.
The phantom hits you.
* * * LOW HITPOINT WARNING * * *
๐Ÿ˜จ HP[-1]
You take 1 damage, and now have 15/39 hp.
You barely miss the phantom. The phantom hits you.
* * * LOW HITPOINT WARNING * * *
๐Ÿ˜จ HP[-1]
You take 1 damage, and now have 14/39 hp.
You hit the phantom but do no damage. Your headbutt misses the phantom.
The phantom hits you.
* * * LOW HITPOINT WARNING * * *
The phantom blinks!
You blink.
You barely miss the phantom. Your kick misses the phantom.
You headbutt the phantom, but do no damage.
Your punch misses the phantom. The phantom hits you.
* * * LOW HITPOINT WARNING * * *
The phantom blinks!
You blink. ๐Ÿ˜ฑ HP[-6]
You take 6 damage, and now have 8/39 hp.
You miss the phantom. Your kick misses the phantom.
The phantom barely misses you.
You completely miss the phantom. You claw the phantom. The phantom hits you.
* * * LOW HITPOINT WARNING * * *
The phantom blinks!
You blink.
A howler monkey comes into view.
Found a stone staircase leading down. ๐Ÿ˜ฑ HP[-5]
You take 5 damage, and now have 3/39 hp.
Unknown command.
It was a potion of cancellation.
Your magical effects are unravelling.
You feel magically purged.
Your horns disappear.
Your talons disappear.
The howler monkey howls!
The phantom hits you.
* * * LOW HITPOINT WARNING * * *
๐Ÿ˜ฑ HP[-2]
You take 2 damage, and now have 1/39 hp.
It was a potion of haste.
You feel yourself speed up.
The phantom hits you but does no damage.
Unknown command. ๐Ÿ˜ฑ MP[+1]
You see here 12 gold pieces. ๐Ÿ˜ฑ HP[+1] ๐Ÿ˜ฑ HP[+1]
The howler monkey hits you.
You die...

Skill      XL: |  1  2  3  4  5 |
---------------+----------------+-----
Spellcasting   | 2 3 |  3.3
Transmutations | 2 3 |  3.5
Poison Magic   | 1 2 |  2.5
Ice Magic      | 1 |  1.2
Fighting       | |  0.8
Dodging        | |  1.7
Unarmed Combat | |  2.6

Action                     |  1- 3 |  4- 6 || total
---------------------------+-------+-------++-------
  Melee: Unarmed           |    88 |   115 ||   203
         Kick              |    17 |     6 ||    23
         Headbutt          |     6 |     6 ||    12
   Cast: Beastly Appendage |    21 |     8 ||    29
         Spider Form       |     1 |    19 ||    20
    Use: Scroll            |     1 |     6 ||     7
         Potion            |     1 |     5 ||     6
   Stab: Sleeping          |     1 |     1 ||     2
 Armour: Robe              |    15 |    10 ||    25
         Skin              |       |     6 ||     6
  Dodge: Dodged            |    61 |    71 ||   132

Levels and vault maps discovered:
D:1:      dpeg_arrival_leaves_temple_mockup, layout_loops_ring, serial_shops,
          shop, chequers_big_river, minmay_crystal_room,
          nicolae_concentric_dashed_squares_wild
D:2:      layout_rooms, serial_shops, shop,
          dreamdust_ecumenical_altar_drowned_temple, lightli_corner_chamber
D:3:      layout_basic, chequers_temple_overflow_minitemple, uniq_terence
D:4:      layout_basic, minmay_splitting_lines
D:5:      layout_loops_ring, wad_floor_pattern_untrapped

Notes
Turn   | Place    | Note
-------+----------+-------------------------------------------
     0 | D:1      | kae the Demigod Transmuter began the quest for the Orb.
     0 | D:1      | Reached XP level 1. HP: 15/15 MP: 5/5
     0 | D:1      | magus.rc [v1.11.3]
   123 | D:1      | You pick up a book of Hexes and begin reading...
   123 | D:1      | You add the spells Anguish, Cause Fear and Enfeeble to your
                  | library.
   153 | D:1      | HP: 3/15 [hobgoblin (4)]
   162 | D:1      | HP: 1/15 [hobgoblin (4)]
   165 | D:1      | Reached skill level 2 in Spellcasting
   165 | D:1      | Reached skill level 2 in Transmutations
   255 | D:1      | Found Egied's Jewellery Emporium.
   412 | D:1      | Reached XP level 2. HP: 22/22 MP: 5/7
   663 | D:1      | Reached skill level 1 in Poison Magic
  1191 | D:2      | Reached XP level 3. HP: 17/27 MP: 7/9
  1199 | D:2      | Learned a level 2 spell: Wereblood
  1203 | D:2      | Learned a level 3 spell: Spider Form
  1325 | D:2      | Found Keokh's General Store.
  1335 | D:2      | Bought a potion of heal wounds for 50 gold pieces
  1346 | D:2      | You pick up a book of Cantrips and begin reading...
  1346 | D:2      | You add the spells Necrotise, Summon Small Mammal and
                  | Apportation to your library.
  1382 | D:2      | HP: 5/27 [adder (4)]
  1384 | D:2      | HP: 1/27 [poisoned by an adder]
  1716 | D:2      | Reached XP level 4. HP: 34/34 MP: 10/10
  2146 | D:3      | Noticed Terence
  2155 | D:3      | Killed Terence
  2156 | D:3      | Reached skill level 2 in Poison Magic
  2778 | D:4      | Reached skill level 3 in Transmutations
  2930 | D:4      | HP: 5/34 [white imp/puff of frost (8)]
  2936 | D:4      | HP: 9/51 [hound (1)]
  2940 | D:4      | Reached skill level 3 in Spellcasting
  2940 | D:4      | Reached XP level 5. HP: 8/39 MP: 12/12
  3694 | D:4      | Learned a level 4 spell: Ice Form
  3853 | D:5      | Entered Level 5 of the Dungeon
  3905 | D:5      | Found the +1 Delatra's gloves {ID++}
  4015 | D:5      | Reached skill level 1 in Ice Magic
  4113 | D:5      | HP: 8/39 [phantom (6)]
  4115 | D:5      | HP: 3/39 [phantom (6)]
  4116 | D:5      | HP: 1/39 [phantom (2)]
  4129 | D:5      | Slain by a howler monkey

Vanquished Creatures
  3 hounds
  A sleepcap (D:4)
  Terence (D:3)
  3 gnolls (D:2)
  3 adders
  A white imp (D:4)
  An ufetubus (D:5)
  A worm (D:2)
  A dart slug (D:2)
  6 bats
  9 endoplasms
  A giant cockroach (D:1)
  3 goblins
  8 hobgoblins
  2 kobolds (D:4)
  4 quokkas
  4 ball pythons
  7 frilled lizards
  8 rats
  A spectral kobold (D:2)
68 creatures vanquished.

Vanquished Creatures (others)
  3 plants (D:1)
3 creatures vanquished.

Grand Total: 71 creatures vanquished

Table legend:
 A = Non-vault XP
 B = Vault XP
 C = Vault XP percentage of total XP
 D = Non-vault monster count
 E = Vault monster count
 F = Vault count percentage of total count
                 A         B        C        D         E       F
            +---------+---------+-------+---------+---------+-------
      Total |     353 |      33 |   8.5 |      66 |       2 |   2.9
            +---------+---------+-------+---------+---------+-------
        D:1 |      23 |       0 |   0.0 |      15 |       0 |   0.0
        D:2 |      97 |       1 |   1.0 |      20 |       1 |   4.8
        D:3 |      22 |      32 |  59.3 |      13 |       1 |   7.1
        D:4 |     110 |       0 |   0.0 |      14 |       0 |   0.0
        D:5 |     101 |       0 |   0.0 |       4 |       0 |   0.0
            +---------+---------+-------+---------+---------+-------

Skill      XL: |  1  2  3  4  5 |
---------------+----------------+-----
Spellcasting   | 2 3 |  3.3
Transmutations | 2 3 |  3.5
Poison Magic   | 1 2 |  2.5
Ice Magic      | 1 |  1.2
Fighting       | |  0.8
Dodging        | |  1.7
Unarmed Combat | |  2.6

Action                     |  1- 3 |  4- 6 || total
---------------------------+-------+-------++-------
  Melee: Unarmed           |    88 |   115 ||   203
         Kick              |    17 |     6 ||    23
         Headbutt          |     6 |     6 ||    12
   Cast: Beastly Appendage |    21 |     8 ||    29
         Spider Form       |     1 |    19 ||    20
    Use: Scroll            |     1 |     6 ||     7
         Potion            |     1 |     5 ||     6
   Stab: Sleeping          |     1 |     1 ||     2
 Armour: Robe              |    15 |    10 ||    25
         Skin              |       |     6 ||     6
  Dodge: Dodged            |    61 |    71 ||   132

Illustrated notes

Table legend:
 A = Kills in this place as a percentage of kills in the entire game.
 B = Kills by you in this place as a percentage of kills by you in the entire game.
 C = Kills by friends in this place as a percentage of kills by friends in the entire game.
 D = Other kills in this place as a percentage of other kills in the entire game.
 E = Experience gained in this place as a percentage of experience gained in the entire game.
 F = Experience gained in this place divided by the number of levels of this place that you have seen.
                   A       B       C       D       E      F
               +-------+-------+-------+-------+-------+----------------------
         Total | 100.0 | 100.0 |   N/A |   N/A | 100.0 |  77.2
       Dungeon | 100.0 | 100.0 |   N/A |   N/A | 100.0 |  77.2
               +-------+-------+-------+-------+-------+----------------------

Table legend: (Time is in decaauts)
 A = Elapsed time spent in this place.
 B = Non-inter-level travel time spent in this place.
 C = Inter-level travel time spent in this place.
 D = Time resting spent in this place.
 E = Time spent auto-exploring this place.
 F = Levels seen in this place.
 G = Mean time per level.
                   A        B        C        D        E       F      G
               +--------+--------+--------+--------+--------+-----+--------+
         Total |   4139 |   3996 |    143 |    212 |   3178 |   5 |  827.8 |
       Dungeon |   4139 |   3996 |    143 |    212 |   3178 |   5 |  827.8 |
               +--------+--------+--------+--------+--------+-----+--------+

Top non-repeatable levels by time:
     D:4: 1110 daAuts
     D:1: 1060 daAuts
     D:2: 949 daAuts
     D:3: 749 daAuts
     D:5: 270 daAuts
